 Dungeon Crawl Stone Soup version 0.29-a0-11-ga75d3d97ab (webtiles) character file.

Game seed: 14227081375134564166

84 Boyo the Grasshopper (level 4, -2/38 HPs)
             Began as a Gnoll Warper on Jan 29, 2022.
             Was a Believer of Fedhas.
             Slain by Grinder (6 damage)
             ... on level 4 of the Dungeon.
             The game lasted 00:18:38 (2605 turns).

Boyo the Grasshopper (Gnoll Warper)                 Turns: 2605, Time: 00:18:40

Health: -2/38      AC:  3    Str: 12    XL:     4   Next: 46%
Magic:  11/11      EV: 13    Int: 15    God:    Fedhas [**....]
Gold:   148        SH:  0    Dex: 15    Spells: 7/13 levels left

rFire   + . .      SeeInvis .   i - +0 dagger (speed)
rCold   . . .      Faith    .   (no shield)
rNeg    . . .      Spirit   .   m - +0 leather armour of Okhorr {rElec rF+ Int+2 Dex+4}
rPois   .          Reflect  .   (no helmet)
rElec   +          Harm     .   (no cloak)
rCorr   .          Rampage  .   (no gloves)
Will    .....                   (no boots)
Stlth   ++........              f - amulet of regeneration
HPRegen 0.92/turn               (no ring)
MPRegen 0.12/turn               (no ring)

@: no status effects
A: fangs 1, strong nose, distributed training
a: Renounce Religion, Wall of Briars


You were on level 4 of the Dungeon.
You worshipped Fedhas.
Fedhas was pleased with you.
You visited 1 branch of the dungeon, and saw 4 of its levels.

You collected 148 gold pieces.

Inventory:

Hand Weapons
 a - a +0 falchion
 i - a +0 dagger of speed (weapon)
Missiles
 j - 60 stones (quivered)
Armour
 b - a +0 leather armour
 m - the +0 leather armour of Okhorr (worn) {rElec rF+ Int+2 Dex+4}
   (You found it on level 3 of the Dungeon)

   Int:       It affects your intelligence (+2).
   Dex:       It affects your dexterity (+4).
   rF:        It protects you from fire.
   rElec:     It insulates you from electricity.
Jewellery
 f - an amulet of regeneration (around neck)
 h - an amulet of guardian spirit
Scrolls
 c - a scroll of blinking
 g - a scroll of vulnerability
 n - a scroll of immolation {unknown}
Potions
 e - a potion of berserk rage
 k - a potion of brilliance {unknown}
 l - a potion of invisibility {unknown}


   Skills:
 + Level 4.6 Fighting
 + Level 1.1 Short Blades
 + Level 4.6 Long Blades
 + Level 1.1 Axes
 + Level 1.1 Maces & Flails
 + Level 1.1 Polearms
 + Level 1.1 Staves
 + Level 1.1 Slings
 + Level 1.1 Bows
 + Level 1.1 Crossbows
 + Level 2.7 Throwing
 + Level 2.7 Armour
 + Level 4.6 Dodging
 + Level 1.1 Stealth
 + Level 1.1 Shields
 + Level 1.1 Unarmed Combat
 + Level 5.1 Spellcasting
 + Level 0.9 Conjurations
 + Level 0.9 Hexes
 + Level 0.9 Summonings
 + Level 0.9 Necromancy
 + Level 5.4 Translocations
 + Level 0.9 Transmutations
 + Level 0.9 Fire Magic
 + Level 0.9 Ice Magic
 + Level 0.9 Air Magic
 + Level 0.9 Earth Magic
 + Level 0.9 Poison Magic
 + Level 1.2 Invocations
 + Level 1.1 Evocations


You had 7 spell levels left.
You knew the following spells:

 Your Spells              Type           Power      Damage    Failure   Level
a - Blink                 Tloc           40%        N/A       3%          2
b - Teleport Other        Tloc           20%        N/A       6%          3
c - Apportation           Tloc           40%        N/A       2%          1

Your spell library contained the following spells:

 Spells                   Type           Power      Damage    Failure   Level
 Gell's Gravitas          Tloc           20%        N/A       6%          3
 Lesser Beckoning         Tloc           20%        N/A       6%          3
 Manifold Assault         Tloc           20%        N/A       52%         5
 Alistair's Intoxication  Tmut/Pois      4%         N/A       98%         5


Dungeon Overview and Level Annotations

Branches:
Dungeon (4/15)
 Temple: D:4-7

Altars:
Fedhas
The Shining One

Shops:
D:3 *

Annotations:
D:4 Grinder


Innate Abilities, Weirdness & Mutations

You have very sharp teeth.
Your uncanny sense of smell can sniff out nearby items.
Your experience applies equally to all skills.


Message History

Grinder is moderately wounded.
Grinder barely misses you.
You barely miss Grinder.
Grinder is moderately wounded.
Grinder gestures at you. Pain shoots through your body!
Your hands tingle!
i - a +0 dagger of speed (weapon)
Grinder barely misses you.
You hit Grinder but do no damage.
Grinder is moderately wounded.
You hit Grinder but do no damage. You bite Grinder.
Grinder is moderately wounded.
Grinder gestures at you. You resist with significant effort.
You barely miss Grinder.
Grinder is moderately wounded.
Grinder hits you.
You barely miss Grinder.
Grinder is moderately wounded.
You hit Grinder but do no damage.
Grinder is moderately wounded.
Grinder closely misses you.
You hit Grinder but do no damage.
Grinder is moderately wounded.
Grinder hits you but does no damage.
You hit Grinder.
Grinder is heavily wounded.
You closely miss Grinder.
Grinder is heavily wounded.
Grinder hits you.
You hit Grinder. Your bite misses Grinder.
Grinder is heavily wounded.
You hit Grinder but do no damage.
Grinder is heavily wounded.
Grinder hits you!
* * * LOW HITPOINT WARNING * * *
You writhe in agony.
You die...
Fedhas appreciates your contribution to the ecosystem.

#.......#######...######
#.......##### ##.#.....#
+.......#...# #..#.###.###
###.......#††####'#### #....
.........s+..##♣...♣##......
###########..##.....##......
#####..##♣...♣##...###
...#..##.....##....
#.#@.####_####...# #Z5###
### ##### ##.##### #.....#
#..!..... #.....##.
.....5... ....$!.#.
........#


You could see Grinder and an adder skeleton.

Vanquished Creatures
  4 adders
  A worm (D:3)
  2 dart slugs
  5 endoplasms
  4 giant cockroaches
  5 goblins
  7 hobgoblins
  2 kobolds (D:2)
  A quokka (D:2)
  3 ball pythons
  4 bats
  2 rats
40 creatures vanquished.

Notes
Turn   | Place    | Note
-------+----------+-------------------------------------------
     0 | D:1      | Boyo the Gnoll Warper began the quest for the Orb.
     0 | D:1      | Reached XP level 1. HP: 20/20 MP: 6/6
   131 | D:1      | Found a faded altar of an unknown god.
   164 | D:1      | Prayed at the altar of an unknown god.
   164 | D:1      | Became a worshipper of Fedhas Madash
   164 | D:1      | Reached * piety under Fedhas
   181 | D:1      | Reached XP level 2. HP: 26/26 MP: 7/7
   361 | D:1      | Learned a level 2 spell: Blink
   771 | D:2      | Reached XP level 3. HP: 31/31 MP: 9/9
   775 | D:2      | Learned a level 3 spell: Teleport Other
   794 | D:2      | Reached skill level 5 in Spellcasting
   966 | D:2      | Reached skill level 1 in Invocations
  1604 | D:3      | Reached ** piety under Fedhas
  1700 | D:3      | Learned a level 1 spell: Apportation
  1859 | D:3      | Reached skill level 1 in Short Blades
  1859 | D:3      | Reached skill level 1 in Axes
  1859 | D:3      | Reached skill level 1 in Maces & Flails
  1859 | D:3      | Reached skill level 1 in Polearms
  1859 | D:3      | Reached skill level 1 in Staves
  1859 | D:3      | Reached skill level 1 in Slings
  1859 | D:3      | Reached skill level 1 in Bows
  1859 | D:3      | Reached skill level 1 in Crossbows
  1859 | D:3      | Reached skill level 1 in Stealth
  1859 | D:3      | Reached skill level 1 in Shields
  1859 | D:3      | Reached skill level 1 in Unarmed Combat
  1859 | D:3      | Reached skill level 1 in Evocations
  1859 | D:3      | Reached XP level 4. HP: 38/38 MP: 11/11
  1976 | D:3      | Found Viexeoni's General Store.
  2286 | D:3      | Identified the +0 leather armour of Okhorr {rElec rF+ Int+2
                  | Dex+4}
  2453 | D:4      | Found a glowing golden altar of the Shining One.
  2488 | D:4      | Noticed a scorpion
  2566 | D:4      | Noticed Grinder
  2589 | D:4      | Paralysed by Grinder for 4 turns
  2605 | D:4      | Slain by Grinder

Illustrated notes

Levels and vault maps discovered:
D:1:      saegor_arrival_under_anarchy, layout_basic,
          chequers_ecumenical_altar_simple_redux
D:2:      layout_loops_ring
D:3:      layout_loops_corners, serial_shops,
          nicolae_shop_temple_entry_statues_fountains, minivault_11
D:4:      layout_basic, tso_altar, chequers_hall_statues_corner_a, uniq_grinder

Skill      XL: |  1  2  3 |
---------------+----------+-----
Spellcasting   | 5 |  5.1
Invocations    | 1 |  1.2
Short Blades   | 1 |  1.1
Axes           | 1 |  1.1
Maces & Flails | 1 |  1.1
Polearms       | 1 |  1.1
Staves         | 1 |  1.1
Slings         | 1 |  1.1
Bows           | 1 |  1.1
Crossbows      | 1 |  1.1
Stealth        | 1 |  1.1
Shields        | 1 |  1.1
Unarmed Combat | 1 |  1.1
Evocations     | 1 |  1.1
Fighting       | |  4.6
Long Blades    | |  4.6
Throwing       | |  2.7
Armour         | |  2.7
Dodging        | |  4.6
Conjurations   | |  0.9
Hexes          | |  0.9
Summonings     | |  0.9
Necromancy     | |  0.9
Translocations | |  5.4
Transmutations | |  0.9
Fire Magic     | |  0.9
Ice Magic      | |  0.9
Air Magic      | |  0.9
Earth Magic    | |  0.9
Poison Magic   | |  0.9

Action                   |  1- 3 |  4- 6 || total
-------------------------+-------+-------++-------
Melee: Falchion          |   108 |    36 ||   144
       Bite              |     9 |     7 ||    16
       Punch             |     1 |     1 ||     2
       Dagger            |       |    10 ||    10
       Unarmed           |       |     6 ||     6
Throw: Stone             |     4 |    10 ||    14
       Boomerang         |       |     5 ||     5
 Cast: Blink             |       |     1 ||     1
  Use: Scroll            |     1 |       ||     1
       Potion            |       |     1 ||     1
Armor: Leather armour    |    28 |     6 ||    34
Dodge: Dodged            |    63 |    29 ||    92

Table legend: (Time is in decaauts)
 A = Elapsed time spent in this place.
 B = Non-inter-level travel time spent in this place.
 C = Inter-level travel time spent in this place.
 D = Time resting spent in this place.
 E = Time spent auto-exploring this place.
 F = Levels seen in this place.
 G = Mean time per level.
                   A        B        C        D        E       F      G
               +--------+--------+--------+--------+--------+-----+--------+
         Total |   2625 |   2540 |     85 |     90 |   1766 |   4 |  656.2 |
       Dungeon |   2625 |   2540 |     85 |     90 |   1766 |   4 |  656.2 |
               +--------+--------+--------+--------+--------+-----+--------+

Top non-repeatable levels by time:
     D:3: 963 daAuts
     D:2: 809 daAuts
     D:1: 637 daAuts
     D:4: 215 daAuts
